Unix NetHack Version 5.0.0-0 post-release - last build May 10 2026 23:12:36 (d1fa5d53e341ca933230fdaa984d921c805b60aa,branch:main).

Game began 2026-05-13 14:31:55, ended 2026-05-13 14:41:47.

DiePARTEI, neutral female human Archeologist

                                                 ##      -----
                                             --+-.#--####....-#####
       --------                              |......|#   |...|    #
       |......|               ----           |(......#   -----    ###
       |..B...|               |...%|         |......|               # -----
       |.:.....               |....-#        -.------               ##....|
       |......|               -...{|#         #                     ##|(..|
        .....                  --   #         #                   ####-...|
         -S-                        ###       #                    #  |...|
          @#######                    #       #                 ####  |...|
                 ##*####)##(##*#)#[?^###*#### ##                #     |...|
                                   ####  ---.--|--------    #####     -----
                                      #  |....?.[+.....|    #
                                      #  |.....+...<...|    #
                                      #*#|.............|    #
                                        #....`.........-#####
                                         ---------------

DiePARTEI the Field Worker  St:7 Dx:13 Co:11 In:18 Wi:13 Ch:9  Neutral
Dlvl:6  $:278 HP:0(30) Pw:17(17) AC:4  Xp:3 T:1055  Stressed

Latest messages:
 What do you want to drink? [PQ or ?*] Q
 You feel better.
 Your movements are only slowed slightly by your load.
 What do you want to drink? [PQ or ?*] P
 You feel much better.
 LJY0408's ghost touches you!
 What do you want to drink? [Q or ?*] Q
 You feel better.
 You have a little trouble lifting T - an agate ring.
 U - a bronze ring.
 V - a ruby ring.
 W - a maple wand.
 You see here a curved sword.
 In what direction? .
 There is a chest here.  Check it for traps? [ynq] (q) y
 You find no traps on the chest.
 You have trouble removing a stained spellbook.  Continue? [ynq] (q) n
 You have trouble removing a wrinkled spellbook.  Continue? [ynq] (q) n
 You see here a crude dagger.
 You see here a rock.
 The kitten bites!
 The kitten misses!
 You lash the snake.
 The snake misses!
 The kitten misses!
 You miss the snake.
 The snake bites!
 You miss the snake.
 The snake bites!
 You lash the snake.
 The snake bites!
 The snake bites!
 You lash the snake.
 The snake bites!
 You lash the snake.
 You miss the snake.
 The snake bites!
 The snake's bite was poisoned!
 You rebalance your load.  Movement is difficult.
 You feel weaker!
 The snake bites!
 The snake's bite was poisoned!
 You feel weaker!
 The snake bites!
 You die...
 Do you want your possessions identified? [ynq] (y) y
 Do you want to see your attributes? [ynq] (y) y
 Do you want an account of creatures vanquished? [ynaq] (y) y
 Do you want to see your conduct and achievements? [ynq] (y) y
 Do you want to see the dungeon overview? [ynq] (y) y

Inventory:
 Coins    ('$')
  $ - 278 gold pieces
 Amulets  ('"')
  J - a cursed amulet of restful sleep
 Weapons  (')')
  j - 33 +1 arrows
  k - 7 cursed -1 arrows
  t - 26 +0 darts (at the ready)
  q - a +0 knife
  C - a cursed -1 orcish dagger
  a - a +2 bullwhip (weapon in right hand)
 Armor    ('[')
  D - an uncursed +0 orcish helm (being worn)
  F - a cursed -1 pair of water walking boots (being worn)
  K - a blessed +3 cloak of magic resistance
  o - an uncursed +0 chain mail (being worn)
 Comestibles  ('%')
  u - 2 uncursed slime molds
  d - 3 uncursed food rations
  n - an uncursed pancake
  v - an uncursed tripe ration
  i - an uncursed lichen corpse
 Scrolls  ('?')
  x - an uncursed scroll of blank paper
  L - a cursed scroll of confuse monster
  M - a cursed scroll of destroy armor
  N - a cursed scroll of earth
  O - a cursed scroll of light
 Rings    ('=')
  U - an uncursed +1 ring of adornment
  T - a blessed +1 ring of increase accuracy
  V - an uncursed ring of stealth
 Wands    ('/')
  W - a cursed wand of fire (0:5)
 Tools    ('(')
  s - an empty uncursed sack
  R - a cursed magic marker (0:12)
  l - a cursed mirror
  e - a +0 pick-axe (alternate weapon; not wielded)
  f - a tinning kit (0:61)
 Gems/Stones  ('*')
  S - a cursed worthless piece of blue glass
  g - an uncursed touchstone

DiePARTEI the Archeologist's attributes:

Background:
 You were a Field Worker, a level 3 female human Archeologist.
 You were neutral, nominally on a mission for Camaxtli
 who was opposed by Quetzalcoatl (lawful) and Huhetotl (chaotic).
 You were right-handed.
 You were in the Dungeons of Doom, on level 6.
 You entered the dungeon 1055 turns ago.
 You had 48 experience points, 32 more were needed to attain level 4.

Basics:
 You had 0 out of 30 hit points.
 You had all 17 energy points (spell power).
 Your armor class was 4.
 Your wallet contained 278 zorkmids.
 Autopickup was off.

Final Characteristics:
 Your strength was 7 (peak:11, limit:18/100).
 Your dexterity was 13 (limit:18).
 Your constitution was 11 (limit:18).
 Your intelligence was 18 (limit:18).
 Your wisdom was 13 (limit:18).
 Your charisma was 9 (limit:18).

Final Status:
 You weren't hungry.
 You were stressed; movement was moderately slowed.
 You were wielding a whip.
 You had basic skill with whip.

Final Attributes:
 You were fervently aligned.
 You had automatic searching.
 You could walk on water.
 You were warded.
 Your spell casting was impaired by metallic armor.
 You were fast.
 You are dead.

Miscellaneous:
 You encountered 1 bones level.
 Total elapsed playing time was 9 minutes and 51 seconds.

Major events:
 Turn
    1: DiePARTEI the neutral female human Archeologist entered the dungeon
  930: attained the rank of Field Worker (level 3)
 1015: found Sting on the floor
 1055: killed by a snake

Spells:
 Name                 Level Category     Fail Retention
 restore ability        4   healing      100%  76%-100%
 force bolt             1   attack       100%  76%-100%

Skills:
 Fighting Skills
   bare handed combat [Unskilled]
   two weapon combat  [Unskilled]
   riding             [Unskilled]
 Weapon Skills
   dagger             [Unskilled]
   knife              [Unskilled]
   pick-axe           [Basic]
   short sword        [Unskilled]
   saber              [Unskilled]
   club               [Unskilled]
   quarterstaff       [Unskilled]
   sling              [Unskilled]
   dart               [Unskilled]
   boomerang          [Unskilled]
   whip               [Basic]
   unicorn horn       [Unskilled]
 Spellcasting Skills
   attack spells      [Unskilled]
   healing spells     [Unskilled]
   divination spells  [Unskilled]
   matter spells      [Unskilled]

Voluntary challenges:
 Character rerolling was not enabled.
 You followed a strict vegan diet.
 You were an atheist.
 You never genocided any monsters.
 You never polymorphed an object.
 You never changed form.
 You used no wishes.
Achievement:
 You attained the rank of Field Worker.

 The Dungeons of Doom: levels 1 to 6
    Level 1:
    Level 2:
       A sink.
    Level 3:
       A fountain.
    Level 4:
    Level 5:
       A fountain.
    Level 6: <- You were here.
       A fountain.
       Final resting place for
          you, killed by a snake,
          LJY0408-Wiz-Elf-Mal-Cha, killed by a hill orc.


Vanquished creatures:
  a rock piercer
  a yellow light
  2 hill orcs
  a cave spider
  2 jackals
  a fox
  a lichen
  3 newts
12 creatures vanquished.

No species were genocided or became extinct.

Game over:
                       ----------
                      /          \
                     /    REST    \
                    /      IN      \
                   /     PEACE      \
                  /                  \
                  |    DiePARTEI     |
                  |      278 Au      |
                  |   killed by a    |
                  |      snake       |
                  |                  |
                  |                  |
                  |       2026       |
                 *|     *  *  *      | *
        _________)/\\_//(\/(/\)/\//\/|_)_______

Goodbye DiePARTEI the Archeologist...

You died in The Dungeons of Doom on dungeon level 6 with 723 points,
and 278 pieces of gold, after 1055 moves.
You were level 3 with a maximum of 30 hit points when you died.

